 Dungeon Crawl Stone Soup version 0.30-a0-272-gf98c3da03f (webtiles) character file.

Game seed: 7592721670075133893

119 Monkooky the Chopper (level 5, 0/11 (42) HPs)
             Began as a Hill Orc Reaver on Oct 15, 2022.
             Slain by Pikel
             ... wielding a +2 whip of freezing
              (1 damage)
             ... on level 4 of the Dungeon.
             The game lasted 00:06:48 (3236 turns).

Monkooky the Chopper (Hill Orc Reaver)              Turns: 3236, Time: 00:06:48

HP:   0/11 (42)     AC:  6    Str: 14 (17) XL:     5   Next: 3%
MP:   1/7           EV: 10    Int: 10 (13) God:
Gold: 169           SH:  0    Dex:  7 (9)  Spells: 4/7 levels left

rFire   . . .      SeeInvis .    a - +0 hand axe
rCold   . . .      Faith    .    (no shield)
rNeg    . . .      Spirit   .    j - +0 ring mail {Will+}
rPois   .          Reflect  .    (no helmet)
rElec   .          Harm     .    m - +0 cloak
rCorr   .          Rampage  .    (no gloves)
Will    +....                    (no boots)
Stlth   ..........               (no amulet)
HPRegen 0.21/turn                s - ring of wizardry
MPRegen 0.10/turn                (no ring)

@: extremely drained
A: no striking features
a: no special abilities


You were on level 4 of the Dungeon.
You visited 1 branch of the dungeon, and saw 4 of its levels.

You collected 169 gold pieces.

Inventory:

Hand Weapons
 a - a +0 hand axe (weapon)
Armour
 b - a +0 leather armour
 j - a +0 ring mail of willpower (worn)
 m - a +0 cloak (worn)
Magical Staves
 h - a staff of conjuration
Jewellery
 s - a ring of wizardry (left hand)
Scrolls
 d - 6 scrolls of identify {unknown}
 k - a scroll of noise {unknown}
 n - a scroll of acquirement {unknown}
 o - a scroll of blinking {unknown}
 p - a scroll of poison {unknown}
 q - a scroll of amnesia {unknown}
 u - a scroll of teleportation {unknown}
 v - a scroll of butterflies {unknown}
Potions
 c - a potion of brilliance {unknown}
 e - a potion of haste {unknown}
 f - a potion of degeneration
 g - a potion of curing {unknown}
 i - 2 potions of attraction {unknown}
 l - 2 potions of magic {unknown}
 r - 2 potions of mutation {unknown}
 t - a potion of heal wounds {unknown}


   Skills:
 - Level 2.4 Fighting
 + Level 7.0 Axes
 - Level 1.5 Dodging
 - Level 1.5 Spellcasting
 - Level 3.2 Conjurations
 - Level 0.5 Translocations


You had 4 spell levels left.
You knew the following spells:

 Your Spells              Type           Power      Damage    Failure   Level
a - Kiss of Death         Conj/Necr      16%        2d6       14%         1
b - Momentum Strike       Conj/Tloc      8%         3d8       19%         2

Your spell library contained the following spells:

 Spells                   Type           Power      Damage    Failure   Level
 Hailstorm                Conj/Ice       4%         3d4       38%         3


Dungeon Overview and Level Annotations

Branches:
Dungeon (4/15)
 Temple: D:4-7

Altars:
Kikubaaqudgha
Uskayaw

Annotations:
D:4 Pikel


Message History

Pikel is moderately wounded.
You feel drained. Pikel barely misses you.
Casting: Kiss of Death (safe; 14% risk of failure)
Confirm with . or Enter, or press ? or * to list all spells.
Aiming: Kiss of Death (safe; 14% risk of failure)
Press: ? - help, Shift-Dir - straight line, f/p - Pikel
Aim: Pikel, wielding a +2 whip of freezing and wearing a +0 robe (moderately wounded, lightly drained, 100% to hit)
The negative energy hits Pikel.
Pikel is drained!
Pikel is heavily wounded.
You feel drained.
Pikel hits you with a +2 whip of freezing.
Pikel freezes you.
A lemure comes into view.
Casting: Kiss of Death (safe; 14% risk of failure)
Confirm with . or Enter, or press ? or * to list all spells.
Aiming: Kiss of Death (safe; 14% risk of failure)
Press: ? - help, Shift-Dir - straight line, f/p - Pikel
Aim: Pikel, wielding a +2 whip of freezing and wearing a +0 robe (heavily wounded, lightly drained, 100% to hit)
The negative energy hits Pikel!
Pikel is drained!
Pikel is severely wounded.
You feel drained.
Pikel hits you with a +2 whip of freezing.
Pikel freezes you.
* * * LOW HITPOINT WARNING * * *
Casting: Kiss of Death (safe; 14% risk of failure)
Confirm with . or Enter, or press ? or * to list all spells.
Aiming: Kiss of Death (safe; 14% risk of failure)
Press: ? - help, Shift-Dir - straight line, f/p - Pikel
Aim: Pikel, wielding a +2 whip of freezing and wearing a +0 robe (severely wounded, heavily drained, 100% to hit)
The negative energy hits Pikel.
Pikel is drained!
Pikel is almost dead.
You feel drained.
Pikel hits you with a +2 whip of freezing.
Pikel freezes you.
You barely miss Pikel.
Pikel is almost dead.
Pikel hits you with a +2 whip of freezing.
* * * LOW HITPOINT WARNING * * *
Pikel freezes you.
You die...

#.# #.# ## ####.# ..
..##.# .# #.##.#
########. #.#### ###
#.##.# #........
.....###.###.##.###$#
#.###...........@K55#
.## ##.....#...####5#
.#
#..........##....[.....
.##
##.....#..###....P...5.
..###.#...##..#
#.._.P..##K
.....###.###.<#
#(...P..# ..#.## #.#
#..# #.PPPP..#
....####.# #..#
#.......# ..........
#.......#


You could see Pikel (very drained) and 3 lemures.

Vanquished Creatures
  A necrophage (D:3)
  A jelly (D:4)
  2 iguanas
  3 adders
  3 endoplasms
  A giant cockroach (D:4)
  4 goblins (D:1)
  4 hobgoblins
  3 jackals (D:3)
  A quokka (D:3)
  5 ball pythons
  A bat (D:3)
  3 kobolds
  2 rats (D:2)
34 creatures vanquished.

Vanquished Creatures (others)
  2 adders
  A bat (D:1)
  2 bat zombies (D:4)
  An endoplasm (D:2)
  4 giant cockroaches
  A goblin (D:1)
  5 hobgoblins
  A jackal (D:3)
  2 quokkas (D:1)
  2 ball pythons (D:3)
  2 kobolds
  A rat (D:3)
  2 rat zombies (D:4)
  4 plants
30 creatures vanquished.

Grand Total: 64 creatures vanquished

Notes
Turn   | Place    | Note
-------+----------+-------------------------------------------
     0 | D:1      | Monkooky the Hill Orc Reaver began the quest for the Orb.
     0 | D:1      | Reached XP level 1. HP: 18/18 MP: 3/3
   119 | D:1      | Reached XP level 2. HP: 3/15 MP: 0/4
   177 | D:1      | Learned a level 2 spell: Momentum Strike
  1784 | D:3      | Reached XP level 3. HP: 22/23 MP: 5/5
  1787 | D:3      | Reached skill level 5 in Axes
  2740 | D:4      | Noticed a necrophage
  2763 | D:3      | Killed a necrophage
  2764 | D:3      | Reached skill level 6 in Axes
  2764 | D:3      | Reached XP level 4. HP: 5/36 MP: 1/6
  3089 | D:4      | Found an ancient bone altar of Kikubaaqudgha.
  3173 | D:4      | Reached XP level 5. HP: 36/36 MP: 4/7
  3211 | D:4      | Found a hide-covered altar of Uskayaw.
  3216 | D:4      | Noticed a lemure
  3216 | D:4      | Noticed a lemure
  3217 | D:4      | Noticed Pikel
  3228 | D:4      | Reached skill level 7 in Axes
  3229 | D:4      | Noticed a lemure
  3233 | D:4      | Noticed a lemure
  3236 | D:4      | Slain by Pikel

Illustrated notes

Levels and vault maps discovered:
D:1:      dpeg_arrival_fog, layout_loops_ring, chequers_serial_rivers_micro_e
D:2:      layout_rooms
D:3:      layout_rooms, serial_forest, infiniplex_forest_side_room,
          infiniplex_forest_lined_3, infiniplex_forest_straight_3,
          infiniplex_forest_lined_corner, infiniplex_forest_straight_4
D:4:      layout_loops_ring, mainiacjoe_overflow_chevrons,
          lemuel_zombie_altar_kikubaaqudgha, minmay_manual_monstrance,
          uniq_sigmund, uniq_pikel, uniq_eustachio

Skill      XL: |  1  2  3  4  5 |
---------------+----------------+-----
Axes           | 6 7 |  7.0
Fighting       | |  2.4
Dodging        | |  1.5
Spellcasting   | |  1.5
Conjurations   | |  3.2
Translocations | |  0.5

Action                   |  1- 3 |  4- 6 || total
-------------------------+-------+-------++-------
Melee: Hand axe          |    90 |    20 ||   110
       Punch             |     1 |       ||     1
 Cast: Kiss of Death     |     3 |     5 ||     8
       Momentum Strike   |    37 |     9 ||    46
  Use: Potion            |       |     1 ||     1
Armor: Leather armour    |     7 |       ||     7
       Ring mail         |    25 |     7 ||    32
Dodge: Dodged            |    77 |    14 ||    91

Table legend: (Time is in decaauts)
 A = Elapsed time spent in this place.
 B = Non-inter-level travel time spent in this place.
 C = Inter-level travel time spent in this place.
 D = Time resting spent in this place.
 E = Time spent auto-exploring this place.
 F = Levels seen in this place.
 G = Mean time per level.
                   A        B        C        D        E       F      G
               +--------+--------+--------+--------+--------+-----+--------+
         Total |   3244 |   3161 |     83 |    742 |   1981 |   4 |  811.0 |
       Dungeon |   3244 |   3161 |     83 |    742 |   1981 |   4 |  811.0 |
               +--------+--------+--------+--------+--------+-----+--------+

Top non-repeatable levels by time:
     D:3: 1134 daAuts
     D:1: 1021 daAuts
     D:2: 754 daAuts
     D:4: 333 daAuts
